 Dungeon Crawl Stone Soup version 0.28-a0-1493-g08698888e4 (webtiles) character file.

Game seed: 3687624871593220957

2761 testman the Grappler (level 9, -3/82 HPs)
             Began as a Ghoul Monk on Jan 12, 2022.
             Was a High Priest of Cheibriados.
             Slain by a killer bee (7 damage)
             ... on level 7 of the Dungeon.
             The game lasted 00:26:46 (7345 turns).

testman the Grappler (Ghoul Monk)                   Turns: 7345, Time: 00:26:46

Health: -3/82      AC:  7    Str: 30      XL:     9   Next: 69%
Magic:  12/13      EV: 12    Int: 14 (16) God:    Cheibriados [*****.]
Gold:   248        SH:  0    Dex: 21 (22) Spells: 15/15 levels left

rFire   . . .      SeeInvis .     - Unarmed
rCold   + . .      Faith    .   (no shield)
rNeg    + + +      Spirit   .   h - +2 ring mail {rN+}
rPois   ∞          Reflect  .   (no helmet)
rElec   .          Harm     .   (no cloak)
rCorr   .          Rampage  .   (no gloves)
Will    .....                   (no boots)
Stlth   ++........              (no amulet)
HPRegen 0.00/turn               (no ring)
MPRegen 0.13/turn               (no ring)

@: inhibited regen, very slow
A: claws 1, cold resistance 1, negative energy resistance 3, inhibited
regeneration, torment resistance 2
a: Renounce Religion, Bend Time, Temporal Distortion, Slouch, Step From Time


You were on level 7 of the Dungeon.
You worshipped Cheibriados.
Cheibriados was extremely pleased with you.
You visited 1 branch of the dungeon, and saw 7 of its levels.

You collected 248 gold pieces.

Inventory:

Missiles
 c - 196 stones (quivered)
 y - 4 boomerangs
Armour
 a - a +0 robe
 h - a +2 ring mail of positive energy (worn)
 x - a +1 hat
Jewellery
 s - a ring of wizardry
 v - a ring of magical power
Wands
 o - a wand of polymorph (7)
 w - a wand of iceblast (16)
Scrolls
 f - 4 scrolls of identify
 g - a scroll of enchant armour
 k - 2 scrolls of vulnerability
 l - a scroll of blinking
 q - a scroll of noise {unknown}
Potions
 b - 2 potions of lignification
 d - a potion of magic {unknown}
 e - 2 potions of attraction
 i - a potion of ambrosia {unknown}
 p - a potion of degeneration {unknown}
 r - a potion of flight {unknown}
 t - a potion of mutation
 u - a potion of berserk rage {unknown}
 z - a potion of brilliance


   Skills:
 + Level 8.6 Fighting
 - Level 2.6 Dodging
 - Level 2.1 Stealth
 + Level 8.6 Unarmed Combat
 + Level 3.5 Spellcasting
 + Level 2.1 Hexes
 + Level 6.3 Invocations


You had 15 spell levels left.
You didn't know any spells.
Your spell library contained the following spells:

 Spells                   Type           Power      Damage    Failure   Level
 Slow                     Hex            32%        N/A       12%         1
 Ensorcelled Hibernation  Hex/Ice        10%        N/A       28%         2
 Confusing Touch          Hex            8%         N/A       36%         3
 Vampiric Draining        Necr           2%         2d6       65%         3
 Anguish                  Hex/Necr       2%         N/A       88%         4
 Animate Dead             Necr           1%         N/A       96%         4
 Haunt                    Necr/Summ      1%         N/A       100%        7
 Infestation              Necr           1%         N/A       100%        8
 Spider Form              Tmut/Pois      Unusable   N/A       N/A         3

Dungeon Overview and Level Annotations

Branches:
Dungeon (7/15)             Temple (0/1) D:4

Altars:
Ashenzari
Cheibriados
Dithmenos
Kikubaaqudgha
Nemelex Xobeh
Okawaru
Uskayaw
Zin

Shops:
D:4 [

Annotations:
D:3 3 runed translucent doors, Pin's ghost, amateur GnAM
D:6 2 runed translucent doors, rocketpapaya's ghost, novice MfIE


Innate Abilities, Weirdness & Mutations

You thrive by killing the living.
You are immune to poison.
You have sharp fingernails.
Your flesh is cold resistant. (rC+)
You are immune to negative energy. (rN+++)
You do not regenerate when monsters are visible.
You are immune to unholy pain and torment.


Message History

* * * LOW HITPOINT WARNING * * *
You barely miss the killer bee. The killer bee barely misses you. x2
You scratch the killer bee.
The killer bee is moderately wounded.
The killer bee barely misses you.
You miss the killer bee.
The killer bee is moderately wounded.
The killer bee misses you. x2
You barely miss the killer bee.
The killer bee is moderately wounded.
The killer bee stings you.
* * * LOW HITPOINT WARNING * * *
The killer bee closely misses you.
You miss the killer bee.
The killer bee is moderately wounded.
The killer bee closely misses you.
The killer bee stings you but does no damage.
You scratch the killer bee.
The killer bee is moderately wounded.
The killer bee stings you.
* * * LOW HITPOINT WARNING * * *
You miss the killer bee.
The killer bee is moderately wounded.
The killer bee stings you.
* * * LOW HITPOINT WARNING * * *
The killer bee closely misses you.
You closely miss the killer bee.
The killer bee is moderately wounded.
The killer bee stings you.
* * * LOW HITPOINT WARNING * * *
The killer bee stings you but does no damage.
It was a potion of mutation.
You feel extremely strange.
Your body decomposes!
You feel clumsy.
Your body decomposes!
You feel dopey.
Your body decomposes!
You feel dopey. The killer bee misses you. The killer bee stings you!
You die...

#. . #y #.
#. #. ##.
## .. .( .#
#.#. .#
#.##...##.#
.#
#.....yy@.#
.#
####..###.#
.## #. .#
..# # ##
..# ..# ..#
.)# .##


You could see 2 killer bees.

Vanquished Creatures
  A steam dragon (D:7)
  A water moccasin (D:6)
  2 orc warriors
  3 ogres
  2 phantoms
  A centaur (D:7)
  A kobold brigand (D:7)
  4 scorpions
  A gnoll sergeant (D:7)
  A wyvern skeleton (D:7)
  5 killer bees (D:7)
  4 wights (D:7)
  5 howler monkeys
  2 jellies (D:6)
  4 orc priests
  2 gnoll shamans
  2 hounds
  A centaur skeleton (D:7)
  2 iguanas
  Natasha (twice) (D:2)
  4 orc wizards
  2 hound skeletons
  10 gnolls
  A howler monkey skeleton (D:5)
  3 adders
  2 shadow imps
  4 white imps
  3 ufetubi
  2 worms
  4 dart slugs
  15 orcs
  16 endoplasms
  A giant cockroach (D:2)
  2 hobgoblins (D:1)
  2 jackals (D:2)
  5 quokkas
  9 ball pythons
  7 bats
  3 frilled lizards
  8 goblins
  7 kobolds
  10 rats
166 creatures vanquished.

Notes
Turn   | Place    | Note
-------+----------+-------------------------------------------
     0 | D:1      | testman the Ghoul Monk began the quest for the Orb.
     0 | D:1      | Reached XP level 1. HP: 19/19 MP: 0/0
   266 | D:1      | Reached XP level 2. HP: 26/26 MP: 1/1
   703 | D:1      | You fall into a shaft and drop 1 floor!
   723 | D:2      | Reached XP level 3. HP: 26/33 MP: 2/2
   928 | D:2      | Noticed an ogre
   964 | D:2      | Found a snail-covered altar of Cheibriados.
   977 | D:2      | Became a worshipper of Cheibriados the Contemplative
   977 | D:2      | Reached * piety under Cheibriados
   977 | D:2      | Reached ** piety under Cheibriados
  1076 | D:1      | Reached XP level 4. HP: 41/41 MP: 3/3
  1426 | D:2      | Noticed Natasha
  1429 | D:2      | Killed Natasha
  1449 | D:2      | Killed an ogre
  1450 | D:2      | Reached skill level 5 in Fighting
  1450 | D:2      | Reached skill level 5 in Unarmed Combat
  1450 | D:2      | Reached XP level 5. HP: 44/48 MP: 4/4
  1706 | D:2      | Noticed Natasha
  1714 | D:2      | Killed Natasha
  2031 | D:3      | Found a broken altar of Ashenzari.
  2068 | D:3      | Reached XP level 6. HP: 56/56 MP: 5/5
  2158 | D:3      | Found a runed translucent gate.
  2158 | D:3      | Found a runed translucent gate.
  2158 | D:3      | Found a runed translucent gate.
  2159 | D:3      | Noticed Pin's ghost (amateur GnAM)
  2186 | D:3      | Reached *** piety under Cheibriados
  2242 | D:3      | Found a faded altar of an unknown god.
  2475 | D:3      | Reached skill level 1 in Invocations
  3027 | D:4      | Found a staircase to the Ecumenical Temple.
  3042 | D:4      | Reached XP level 7. HP: 37/63 MP: 7/7
  3519 | D:4      | Reached **** piety under Cheibriados
  3797 | D:4      | Found Giketof's Armour Shop.
  4081 | D:5      | Entered Level 5 of the Dungeon
  4376 | D:5      | Found a shadowy altar of Dithmenos.
  4729 | D:5      | Reached XP level 8. HP: 73/73 MP: 8/10
  4746 | D:5      | Found a hide-covered altar of Uskayaw.
  4749 | D:5      | Found a sparkling altar of Nemelex Xobeh.
  4749 | D:5      | Found an iron altar of Okawaru.
  4766 | D:5      | Found an ancient bone altar of Kikubaaqudgha.
  5238 | D:5      | Reached skill level 1 in Spellcasting
  5582 | D:6      | Found a large runed translucent door.
  5582 | D:6      | Found a large runed translucent door.
  5586 | D:6      | Noticed rocketpapaya's ghost (novice MfIE)
  5666 | D:6      | Reached ***** piety under Cheibriados
  6071 | D:6      | Reached skill level 5 in Invocations
  6573 | D:7      | Reached XP level 9. HP: 80/81 MP: 10/12
  6578 | D:7      | Learned a level 1 spell: Slow
  6773 | D:7      | Noticed a boulder beetle
  6897 | D:7      | Reached skill level 1 in Hexes
  7261 | D:7      | Noticed a four-headed hydra
  7344 | D:7      | HP: 4/82 [killer bee (5)]
  7345 | D:7      | Slain by a killer bee

Illustrated notes

Levels and vault maps discovered:
D:1:      dpeg_arrival_rooms_with_view, layout_loops_ring
D:2:      layout_loops_ring, basic_altar, minmay_cupped, uniq_natasha
D:3:      minmay_door_path, layout_basic, cheibrodos_ashenzari_chains,
          ebering_ghost_rock_garden, shapermc_ecumenical_altar_mp_vishouse,
          minivault_19
D:4:      layout_basic, minmay_temple_entry_water_ring, serial_shops,
          kennysheep_mini_moat
D:5:      layout_basic, old_standard_altar, minmay_overflow_temple_star_hex
D:6:      layout_loops_ring, ebering_ghost_disaster_area,
          chequers_serial_rivers_marsh
D:7:      cheibrodos_fzero, layout_loops_corners,
          regret_index_temple_of_mockery, corexii_corridor_pit

Skill      XL: |  1  2  3  4  5  6  7  8  9 |
---------------+----------------------------+-----
Fighting       | 4 5 6 7 8 |  8.6
Unarmed Combat | 4 5 6 7 8 |  8.6
Invocations    | 2 4 5 6 |  6.3
Spellcasting   | 2 3 |  3.5
Hexes          | 2 |  2.1
Dodging        | |  2.6
Stealth        | |  2.1

Action                   |  1- 3 |  4- 6 |  7- 9 || total
-------------------------+-------+-------+-------++-------
Melee: Unarmed           |   113 |   116 |   295 ||   524
       Punch             |       |     5 |    20 ||    25
Throw: Stone             |       |     1 |     4 ||     5
Invok: Slouch            |       |       |     2 ||     2
Evoke: Wand              |       |       |     1 ||     1
  Use: Scroll            |       |       |     7 ||     7
       Potion            |       |       |     2 ||     2
 Stab: Sleeping          |     4 |     3 |       ||     7
       Distracted        |       |       |     2 ||     2
Armor: Robe              |     8 |       |       ||     8
       Ring mail         |    32 |    34 |    68 ||   134
Dodge: Dodged            |    59 |    64 |   165 ||   288

Table legend: (Time is in decaauts)
 A = Elapsed time spent in this place.
 B = Non-inter-level travel time spent in this place.
 C = Inter-level travel time spent in this place.
 D = Time resting spent in this place.
 E = Time spent auto-exploring this place.
 F = Levels seen in this place.
 G = Mean time per level.
                   A        B        C        D        E       F      G
               +--------+--------+--------+--------+--------+-----+--------+
         Total |   9746 |   9396 |    350 |   1456 |   6486 |   7 | 1392.3 |
       Dungeon |   9746 |   9396 |    350 |   1456 |   6486 |   7 | 1392.3 |
               +--------+--------+--------+--------+--------+-----+--------+

Top non-repeatable levels by time:
     D:5: 1723 daAuts
     D:6: 1583 daAuts
     D:4: 1557 daAuts
     D:3: 1366 daAuts
     D:2: 1344 daAuts
     D:7: 1148 daAuts
     D:1: 1022 daAuts
